 Dungeon Crawl Stone Soup version 0.19.5 (webtiles) character file.

21054 Kalash the Cleaver (level 12, -7/96 HPs)
             Began as a Deep Dwarf Fighter on Apr 14, 2017.
             Was an Elder of the Shining One.
             Mangled by a hill giant
             ... wielding a +0 giant club
              (29 damage)
             ... on level 13 of the Dungeon on Apr 20, 2017.
             The game lasted 01:21:49 (11883 turns).

Kalash the Cleaver (Deep Dwarf Fighter)            Turns: 11883, Time: 01:21:50

Health: -7/96      AC: 16    Str: 24    XL:     12   Next: 50%
Magic:  3/7        EV: 10    Int: 10    God:    the Shining One [****..]
Gold:   659        SH: 15    Dex: 12    Spells: 0 memorised, 11 levels left

rFire  + + +     SeeInvis .     N - +1 flail (holy)
rCold  + + +     Gourm    .     q - +4 ring mail
rNeg   + + .     Faith    .     c - +0 shield
rPois  .         Spirit   .     v - +0 helmet
rElec  .         Reflect  +     (no cloak)
rCorr  .         Harm     .     p - +0 pair of gloves
MR     +....                    y - +0 pair of boots
Stlth  +.........               P - amulet "Yhouzer" {Reflect Fragile rF+++ rC++ SH+2}
                                T - ring of protection from cold
                                R - ring of flight

@: non-regenerating, glowing
A: damage resistance, recharge devices, sense surroundings 2, slow regeneration
3
a: Device Recharging, Divine Shield, Cleansing Flame, Renounce Religion, Evoke
Flight


You were on level 13 of the Dungeon.
You worshipped the Shining One.
The Shining One was greatly pleased with you.
You were not hungry.

You visited 2 branches of the dungeon, and saw 15 of its levels.

You collected 767 gold pieces.
You spent 108 gold pieces at shops.

Inventory:

Hand Weapons
 a - a +2 war axe
 h - a +0 battleaxe
 m - a +3 great sword of holy wrath
 o - a +0 flail of draining
 w - a +2 hunting sling of flaming
 F - a +7 antimagic dagger
 N - a +1 flail of holy wrath (weapon)
 V - a +0 hunting sling of velocity
Missiles
 C - 263 stones (quivered)
Armour
 b - a +0 scale mail
 c - a +0 shield (worn)
 p - a +0 pair of gloves (worn)
 q - a +4 ring mail (worn)
 v - a +0 helmet (worn)
 y - a +0 pair of boots (worn)
 O - a +0 scale mail of fire resistance
 X - a +0 scale mail of fire resistance
Jewellery
 k - an uncursed amulet of the gourmand
 x - an uncursed amulet of harm
 P - the amulet "Yhouzer" (around neck) {Reflect Fragile rF+++ rC++ SH+2}
   (You found it on level 10 of the Dungeon)

   [amulet of reflection]

   It shields you and reflects attacks.
   It renders you almost immune to fire.
   It greatly protects you from cold.
   It will be destroyed if unequipped.
   It affects your SH (+2).
 R - a ring of flight (left hand)
 T - a ring of protection from cold (right hand)
Wands
 e - a wand of heal wounds (0/9)
 r - a wand of polymorph (17/24)
 H - a wand of disintegration (6/24)
 I - a wand of slowing (16/48)
 S - a wand of polymorph (16/24)
Scrolls
 i - a scroll of fog
 n - 2 scrolls of noise
 u - 2 scrolls of random uselessness
 J - a scroll of identify
 K - 4 scrolls of remove curse
 L - a scroll of vulnerability {unknown}
 Q - a scroll of brand weapon {unknown}
 W - a scroll of magic mapping
Potions
 d - a potion of might
 g - 2 potions of brilliance
 j - a potion of lignification
 s - 2 potions of resistance
 z - 2 potions of flight
 A - a potion of mutation
 D - a potion of magic
 E - a potion of haste {unknown}
Books
 M - a book of Geomancy

   Spells                             Type                      Level
   a - Sandblast                      Earth                        1
   b - Passwall                       Transmutation/Earth          2
   c - Stone Arrow                    Conjuration/Earth            3
   d - Petrify                        Transmutation/Earth          4
   e - Lee's Rapid Deconstruction     Earth                        5
Comestibles
 f - 6 bread rations
 l - 3 meat rations
 t - 15 royal jellies
 B - 3 beef jerkies
 G - 8 fruits


   Skills:
 - Level 2.6 Fighting
 - Level 12.6(13.5) Axes
 + Level 7.7(10.7) Maces & Flails
 - Level 3.4 Slings
 + Level 11.5 Armour
 + Level 11.7 Shields
 - Level 6.6 Invocations


You had 11 spell levels left.
You didn't know any spells.

Dungeon Overview and Level Annotations

Branches:
Dungeon (13/15)            Temple (0/1) D:4            Lair (0/6) D:8
    Orc (2/2) D:9             Elf (0/3) Orc:2
 Vaults: D:13-14

Altars:
Dithmenos
Fedhas
Hepliaklqana
Kikubaaqudgha
Nemelex Xobeh
Okawaru
Qazlal
Ru
Sif Muna
Uskayaw
Xom
Yredelemnul
The Shining One
Beogh

Shops:
D:8 ?   Orc:1 ?   Orc:2 (

Annotations:
D:6 Prince Ribbit


Innate Abilities, Weirdness & Mutations

You are resistant to damage.
You can recharge devices by infusing magical energy.
You passively map the area around you.
You do not regenerate.


Message History

The yak is heavily wounded.
You block the yak's attack. The yak gores you but does no damage.
The yak closely misses you. You block the yak's attack. The yak gores you!
* * * LOW HITPOINT WARNING * * *
The yak closely misses you.
A bullfrog comes into view.
Items here: ))) [[[ The bullfrog gives a loud, deep croak!
The hill giant hits you with a giant club!!
* * * LOW HITPOINT WARNING * * *
The bullfrog hits you but does no damage.
Okay, then.
Evoke which item? (* to show all) (? for menu, Esc to quit)
Zapping:
e - a wand of heal wounds (1/9)
Press: ? - help, Shift-Dir - straight line, f - you You feel much better.
This wand has 0 charges left.
The bullfrog barely misses you.
The hill giant hits you with a giant club!!
You die...

,, , #......# .......... ,
, , #......# .......... ,
,,,,, #..###.#,..........
, , ,+......#,.......... ,
# *#...[..#####..8...8 *
**, #. #...............8..
**
###..##..)))...#........
,......##YY.....#........
, , ♣...@CY.....#........
,
,,......##F......#.......#
, ###.. ........#......#.
* #. #........#.....#.# ,
# #.............#.#* ,
#............#.# , ,
*#...........#.# ** ,
,,...........#.# * , , ##*
*


You could see a hill giant, 3 yaks and a bullfrog.

Vanquished Creatures
  Josephine (Orc:1)
  Urug (D:11)
  Nergalle (D:11)
  3 unseen horrors
  4 hill giants
  Pikel (D:8)
  An ugly thing (D:11)
  A cyclops (D:12)
  4 centaur skeletons
  A tengu conjurer (D:13)
  2 queen bees
  2 hornets
  A troll (D:10)
  A two-headed ogre (D:8)
  A hippogriff (D:8)
  A shadow (D:13)
  21 yaks
  3 wraiths
  A basilisk (D:8)
  A hungry ghost (D:11)
  2 vampire mosquitoes (D:13)
  A soldier ant (D:12)
  2 porcupines (D:8)
  Duvessa (D:5)
  4 ice beasts
  2 necrophages
  6 orc warriors
  3 phantoms
  3 black bears
  A hornet zombie (D:10)
  The ghost of Venard the Chopper, an amateur FoFi (D:3)
  2 eyes of draining
  6 ogres
  2 centaurs
  4 crocodiles (D:8)
  3 big kobolds
  7 bullfrogs
  A gnoll sergeant (D:7)
  Dowan (D:5)
  3 scorpions
  38 killer bees
  4 wights (D:13)
  A bullfrog zombie (D:9)
  2 howler monkeys
  5 crimson imps
  4 hounds
  A quasit (D:7)
  19 orc wizards
  10 orc priests
  3 bullfrog skeletons
  12 iguanas
  5 worker ants
  A hound skeleton (D:5)
  A worker ant zombie (D:8)
  9 gnolls
  10 adders
  A river rat (D:8)
  3 shadow imps
  2 adder skeletons
  A dart slug (D:1)
  2 leopard geckos
  60 orcs
  4 giant cockroaches
  9 hobgoblins
  29 jackals
  4 quokkas
  3 ball pythons
  7 bats
  5 frilled lizards
  8 goblins
  A goblin skeleton (D:3)
  A jackal zombie (D:3)
  24 kobolds
  A leopard gecko skeleton (D:4)
  8 rats
405 creatures vanquished.

Vanquished Creatures (others)
  A bullfrog skeleton (D:8)
  A shadow imp (D:8)
  A kobold (D:8)
  A bush (D:8)
  2 fungi (D:8)
  8 plants (D:8)
14 creatures vanquished.

Grand Total: 419 creatures vanquished

Notes
Turn   | Place    | Note
-------+----------+-------------------------------------------
     0 | D:1      | Kalash the Deep Dwarf Fighter began the quest for the Orb.
     0 | D:1      | Reached XP level 1. HP: 20/20 MP: 1/1
   178 | D:1      | Reached skill level 3 in Axes
   186 | D:1      | Reached XP level 2. HP: 17/27 MP: 2/2
   910 | D:2      | Found a hide-covered altar of Uskayaw.
   976 | D:2      | Reached XP level 3. HP: 17/33 MP: 3/3
  1031 | D:2      | Reached skill level 4 in Axes
  1184 | D:2      | Reached XP level 4. HP: 13/40 MP: 4/4
  1453 | D:2      | Found an iron altar of Okawaru.
  1536 | D:2      | Found a glowing golden altar of the Shining One.
  1542 | D:2      | Found a hazy altar of Hepliaklqana.
  1542 | D:2      | Found a deep blue altar of Sif Muna.
  1562 | D:2      | Became a worshipper of the Shining One
  1952 | D:3      | Found a faded altar of an unknown god.
  1954 | D:3      | Noticed Venard's ghost (amateur FoFi)
  1984 | D:3      | Reached skill level 5 in Axes
  2510 | D:4      | Reached XP level 5. HP: 11/46 MP: 5/5
  2525 | D:4      | Found a staircase to the Ecumenical Temple.
  2574 | D:4      | Reached skill level 6 in Axes
  2734 | D:3      | Killed Venard's ghost
  2806 | D:3      | Found a runed door.
  2806 | D:3      | Noticed a human
  2808 | D:3      | Found a basalt altar of Yredelemnul.
  2926 | D:3      | Reached skill level 7 in Axes
  2926 | D:3      | Reached XP level 6. HP: 35/55 MP: 6/6
  3612 | D:5      | Entered Level 5 of the Dungeon
  3692 | D:5      | Found a blossoming altar of Fedhas.
  3808 | D:5      | Noticed Dowan
  3828 | D:5      | Killed Dowan
  3869 | D:5      | Noticed Duvessa
  3871 | D:5      | Reached * piety under the Shining One
  3881 | D:5      | Killed Duvessa
  3881 | D:5      | Reached skill level 8 in Axes
  3884 | D:5      | Reached XP level 7. HP: 40/61 MP: 7/7
  3898 | D:5      | Found a blossoming altar of Fedhas.
  3905 | D:5      | Found a stormy altar of Qazlal.
  4026 | D:5      | Found a sparkling altar of Nemelex Xobeh.
  4305 | D:5      | Found a shadowy altar of Dithmenos.
  4481 | D:6      | Reached skill level 9 in Axes
  4520 | D:6      | Noticed Prince Ribbit
  4986 | D:6      | Reached skill level 10 in Axes
  5066 | D:7      | Reached XP level 8. HP: 36/68 MP: 8/8
  5154 | D:7      | Found a sacrificial altar of Ru.
  5229 | D:7      | Found an ancient bone altar of Kikubaaqudgha.
  5289 | D:7      | Noticed a hippogriff
  5484 | D:7      | Reached ** piety under the Shining One
  5593 | D:7      | Reached skill level 5 in Shields
  5683 | D:7      | Found a shimmering altar of Xom.
  5946 | D:7      | Reached skill level 5 in Armour
  5968 | D:8      | Noticed a two-headed ogre
  5974 | D:8      | Killed a two-headed ogre
  5974 | D:8      | Reached skill level 11 in Axes
  6000 | D:8      | Found a shimmering altar of Xom.
  6022 | D:8      | Gained mutation: You passively map the area around you. [Deep Dwarf growth]
  6022 | D:8      | Reached XP level 9. HP: 33/74 MP: 8/8
  6259 | D:8      | Found a staircase to the Lair.
  6320 | D:8      | Noticed Pikel
  6373 | D:8      | Killed Pikel
  6373 | D:8      | Reached skill level 12 in Axes
  6414 | D:8      | Reached XP level 10. HP: 57/81 MP: 8/8
  6500 | D:8      | Found Sequonil's Magic Scroll Boutique.
  7000 | D:9      | Found a staircase to the Orcish Mines.
  7058 | D:9      | Reached skill level 1 in Invocations
  7158 | D:9      | Reached skill level 1 in Slings
  7183 | D:9      | Reached *** piety under the Shining One
  7722 | Orc:1    | Entered Level 1 of the Orcish Mines
  7737 | Orc:1    | Found Ananuawa's Magic Scroll Emporium.
  7747 | Orc:1    | Bought 3 scrolls of identify for 72 gold pieces
  7747 | Orc:1    | Bought a scroll of teleportation for 36 gold pieces
  7884 | Orc:2    | Entered Level 2 of the Orcish Mines
  7884 | Orc:2    | Noticed Josephine
  7930 | D:10     | Entered Level 10 of the Dungeon
  8232 | D:10     | Got a clouded amethyst amulet
  8281 | D:10     | Reached skill level 1 in Maces & Flails
  8293 | D:10     | Identified the amulet "Yhouzer" {Reflect Fragile rF+++ rC++ SH+2} (You found it on level 10 of the Dungeon)
  8595 | D:10     | Reached skill level 5 in Invocations
  8598 | D:10     | Reached XP level 11. HP: 34/88 MP: 10/10
  9209 | D:11     | Noticed an unseen horror
  9244 | D:10     | Reached **** piety under the Shining One
  9306 | D:11     | Killed an unseen horror
  9329 | D:11     | Noticed a hill giant
  9364 | D:10     | Noticed an unseen horror
  9374 | D:10     | Killed an unseen horror
  9460 | Orc:2    | Reached skill level 5 in Maces & Flails
  9502 | Orc:2    | Found a roughly hewn altar of Beogh.
  9503 | Orc:2    | Found Voxoq's Antique Weapon Shop.
  9868 | Orc:1    | Killed Josephine
  9868 | Orc:1    | Reached skill level 10 in Shields
  9882 | Orc:1    | Reached skill level 10 in Armour
  9919 | Orc:2    | Found a roughly hewn altar of Beogh.
  9923 | Orc:2    | Noticed an orc sorcerer
  9932 | Orc:2    | Noticed a soul eater
 10112 | D:11     | Noticed Urug
 10139 | D:11     | Killed Urug
 10524 | D:12     | Noticed a centaur warrior
 10550 | D:11     | Killed a hill giant
 10683 | D:11     | Reached XP level 12. HP: 62/96 MP: 9/9
 10761 | D:11     | Noticed Nergalle
 10789 | D:11     | Killed Nergalle
 11479 | D:12     | Noticed an eight-headed hydra
 11868 | D:13     | The Shining One protects you from harm!
 11881 | D:13     | HP: 2/96 [hill giant/giant club (25)]
 11883 | D:13     | Mangled by a hill giant

Skill      XL: |  1  2  3  4  5  6  7  8  9 10 11 12 |
---------------+-------------------------------------+-----
Axes           | 3 4 5 7 8 10 11 12 | 12.6
Armour         | 5 7 9 10 11 | 11.5
Shields        | 5 7 9 10 11 | 11.7
Invocations    | 5 6 |  6.6
Slings         | 3 |  3.4
Maces & Flails | 2 6 7 |  7.7
Fighting       | |  2.6

Action                   |  1- 3 |  4- 6 |  7- 9 | 10-12 || total
-------------------------+-------+-------+-------+-------++-------
Melee: War axe           |   108 |   200 |   339 |   242 ||   889
       Flail             |       |       |       |   817 ||   817
Invok: Divine Shield     |       |       |     2 |     2 ||     4
       Cleansing Flame   |       |       |       |     6 ||     6
 Abil: Device Recharging |       |       |     2 |     7 ||     9
Evoke: Wand              |       |     6 |     9 |    31 ||    46
  Use: Scroll            |       |    12 |     8 |    15 ||    35
       Potion            |       |       |       |    11 ||    11
  Eat: Meat ration       |     1 |       |       |     1 ||     2
       Chunk             |       |    20 |    12 |     6 ||    38
       Royal jelly       |       |       |       |     4 ||     4
       Beef jerky        |       |       |       |     1 ||     1
Armor: Scale mail        |    44 |    20 |       |       ||    64
       Ring mail         |       |    81 |   116 |   318 ||   515
Dodge: Dodged            |    33 |    54 |   101 |   262 ||   450
Block: Shield            |    55 |    94 |   177 |   699 ||  1025
       Reflection        |       |       |       |    11 ||    11
